Map: Ulrena

Players

Glorfindel - Winner!

  • Race: Terran Terran
  • League: Master

BALTIMORE

  • Race: Terran Terran
  • League: Grandmaster

VOD

Have the link to the VOD?

Description

Time

  • Played on: May 29, 2016, 3:23 a.m.
  • Length: 6:15
Show
View Real Time Build Order
Export as new Build Order

Glorfindel Terran - Winner!

Build Orders: 1/1/1 

Get SALT Encoding   

  12  0:00  SCV  
  13  0:12  SCV  
  14  0:17  Supply Depot  
  14  0:26  Refinery  
  14  0:28  SCV  
  15  0:41  Barracks  
  15  0:45  SCV  
  16  0:56  Refinery  
  16  0:58  SCV  
  17  1:10  SCV  
  18  1:22  SCV  
  19  1:30  Barracks Reactor  
  19  1:34  Factory  
  19  1:40  Orbital Command  
  19  1:53  Supply Depot  
  19  2:05  SCV  
  19  2:06  Marine x2  
  22  2:17  SCV  
  22  2:19  Starport  
  23  2:24  Marine  
  23  2:26  Marine  
  26  2:30  SCV  
  26  2:37  Supply Depot  
  26  2:39  Factory Tech Lab  
  26  2:42  SCV  
  27  2:57  Medivac  
  29  2:59  Marine, Siege Tank  
  29  3:01  Marine  
  29  3:04  SCV  
  35  3:17  Supply Depot  
  35  3:22  Marine  
  36  3:34  Marine  
  36  3:38  Medivac, Siege Tank  
  36  3:40  Marine  
  43  3:43  Engineering Bay  
  43  3:52  Marine  
  44  4:11  Marine  
  44  4:12  Medivac  
  47  4:19  Missile Turret, Supply Depot  
  47  4:21  Siege Tank  
  48  4:34  Marine x2  
  40  4:52  Marine x2  
  40  4:53  Siege Tank  
  45  5:03  SCV  
  46  5:10  Marine x2  
  45  5:25  Siege Tank  
  45  5:28  Marine x2  
  50  5:36  Command Center  
  50  5:37  Medivac  
  52  5:46  Marine  
  53  5:56  Marine  
Show
View Real Time Build Order
Export as new Build Order

BALTIMORE Terran 

Build Orders:  

Get SALT Encoding   

  12  0:00  SCV  
  13  0:12  SCV  
  14  0:18  Supply Depot  
  14  0:25  SCV  
  15  0:39  SCV  
  16  0:43  Barracks  
  16  0:47  Refinery  
  16  0:51  SCV  
  17  1:03  SCV  
  18  1:15  SCV  
  19  1:30  Marine  
  19  1:31  Orbital Command  
  20  1:44  Command Center  
  20  1:48  Marine  
  20  1:53  Supply Depot  
  21  1:58  SCV  
  22  2:06  Factory  
  22  2:10  SCV  
  22  2:15  Refinery  
  23  2:20  Marine  
  24  2:25  SCV  
  25  2:37  Marine, SCV  
  27  2:49  SCV  
  28  2:51  Starport, Widow Mine  
  28  2:56  Marine  
  31  2:58  Orbital Command  
  31  3:01  SCV  
  32  3:13  Supply Depot  
  32  3:17  SCV  
  33  3:25  Factory Tech Lab  
  33  3:27  SCV  
  33  3:29  Medivac  
  36  3:38  Barracks Reactor  
  36  3:41  SCV x2  
  36  3:43  Supply Depot  
  36  3:44  Siege Tank  
  36  3:48  Engineering Bay  
  37  4:05  Viking  
  37  4:06  SCV x2  
  41  4:15  Marine x2  
  42  4:20  SCV x2  
  32  4:40  Marine x2  
  32  4:44  SCV x2  
  36  4:56  SCV x2  
  36  4:58  Marine x2  
  36  4:59  Refinery  
  40  5:08  SCV x2  
  42  5:16  Marine x2  
  42  5:25  SCV x2  
  42  5:26  Siege Tank  
  47  5:30  Refinery  
  47  5:33  Marine  
  47  5:34  Marine  
  49  5:37  SCV x2  
  51  5:49  SCV x2  
  48  5:51  Marine x2  
  34  6:01  SCV x2  
Tags
 
Matchup
TvT
Opening
1/1/1
Race
Terran
Add a new tag
Caveats
  • Supply blocks, unpowered buildings, or Contaminate may cause inaccurate times.
  • Supply counts are checked every 10 seconds.